 Dungeon Crawl Stone Soup version 0.25.0-11-g1f837a76a1 (webtiles) character file.

Game seed: 4351657761863643887

452 Kold the Insei (level 7, -3/43 HPs)
             Began as an Octopode Transmuter on June 24, 2020.
             Slain by a wraith (12 damage)
             ... in an ossuary.
             The game lasted 00:07:33 (3826 turns).

Kold the Insei (Octopode Transmuter)                Turns: 3826, Time: 00:07:33

Health: -3/43      AC:  5    Str:  9    XL:     7   Next: 5%
Magic:  10/10      EV: 17    Int: 17    God:
Gold:   100        SH:  0    Dex: 13    Spells: 4/10 levels left

rFire    + . .     SeeInvis .     - Unarmed
rCold    + . .     Gourm    .   (no shield)
rNeg     . . .     Faith    .   (helmet restricted)
rPois    +         Spirit   .   (no amulet)
rElec    .         Reflect  .   i - ring of protection from cold
rCorr    .         Harm     .   o - ring of protection from fire
MR       .....                  p - ring of poison resistance
Stlth    +++.......             l - +4 ring of protection
HPRegen  0.14/turn              m - +4 ring of evasion
MPRegen  0.12/turn              (no ring)
                                (no ring)
                                (no ring)

@: brilliant
A: almost no armour, stealthy swim, amphibious, 8 rings, constrict 8, camouflage
1, gelatinous body 1
a: no special abilities


You were in an ossuary.
You were near starving.

You visited 1 branch of the dungeon, and saw 4 of its levels.
You also visited: Ossuary.

You collected 100 gold pieces.

Inventory:

Missiles
 a - 25 arrows
Jewellery
 i - a ring of protection from cold (left tentacle)
 l - a +4 ring of protection (on tentacle)
 m - a +4 ring of evasion (on tentacle)
 o - a ring of protection from fire (right tentacle)
 p - a ring of poison resistance (on tentacle)
Wands
 r - a wand of disintegration (16)
Scrolls
 b - a scroll of fear
 h - 2 scrolls of amnesia
 k - a scroll of remove curse
Potions
 d - 2 potions of cancellation
 e - a potion of magic
 f - 3 potions of haste
 j - a potion of invisibility {unknown}
 n - a potion of stabbing {unknown}
 q - a potion of lignification
Comestibles
 c - 4 rations


   Skills:
 - Level 1.0 Fighting
 - Level 2.0 Dodging
 - Level 2.0 Stealth
 + Level 5.4 Unarmed Combat
 - Level 2.0 Spellcasting
 + Level 4.9 Transmutations
 + Level 2.7 Poison Magic


You had 4 spell levels left.
You knew the following spells:

 Your Spells              Type           Power        Failure   Level  Hunger
a - Beastly Appendage     Tmut           ####..       2%          1    None
b - Sticks to Snakes      Tmut           ####....     3%          2    None
c - Spider Form           Tmut/Pois      ###.......   12%         3    None

Your spell library contained the following spells:

 Spells                   Type           Power        Failure   Level  Hunger
 Ice Form                 Ice/Tmut       ###.....     56%         4    None
 Blade Hands              Tmut           ####......   56%         5    None


Dungeon Overview and Level Annotations

Branches:
Dungeon (4/15)            Ossuary (1/1)
 Temple: D:4-7

Altars:
Dithmenos

Annotations:
D:3 3 runed translucent doors, Matius's ghost, amateur GnCK


Innate Abilities, Weirdness & Mutations

You cannot wear most types of armour.
You are very stealthy in the water. (Stealth+)
You are amphibious.
You can wear up to eight rings at the same time.
You can use your tentacles to constrict eight enemies at once.
Your skin changes colour to match your surroundings (Stealth+).
Your rubbery body absorbs attacks. (AC +1, EV +1)


Message History

Press: ? - help, v - describe, . - travel
Here: a wraith The floor, spattered with blood.
It was a potion of haste.
You feel yourself speed up. The wraith hits you.
* * * LOW HITPOINT WARNING * * *
It was a potion of lignification.
Your tentacle spike disappears.
You turn into a tree.
Your roots penetrate the ground.
The wraith hits you but does no damage.
It was a potion of cancellation.
Your magical effects are unravelling.
You feel magically purged.
You feel less wooden.
You feel yourself speed up.
You feel yourself slow down. The wraith barely misses you.
It was a potion of magic.
Magic courses through your body. The wraith barely misses you.
It was a potion of brilliance.
You feel clever all of a sudden. The wraith hits you!
You die...

#..####.####.....####.####
#..#.'^.# +^..8...+ ..
#..####.####.....####.####
#...^..........^..^.......
#......^.....#.#.........
#..####...^^.#+#......##
#..#.'...8...# #...8...+
#..####......###......###
#..^.....@^...............
#^.......W................
#..#.#..#^#..#.#..#.#..#.#
#..#'#..#'#..#+#..#+#..# #
#..#.#..#=#..# #..# ..#
#..###..###..###..###^.#
#.......................
#.....................
#############'''#####


You could see a wraith.

Vanquished Creatures
  Sigmund (D:2)
  A water moccasin skeleton (D:3)
  An orc wizard (D:4)
  An orc priest (D:4)
  A human zombie (Ossuary)
  Ijyb (D:3)
  Natasha (D:4)
  A mummy (Ossuary)
  3 adders (D:2)
  An ooze (D:3)
  3 worms (D:2)
  3 leopard geckos (D:1)
  2 orcs
  4 giant cockroaches
  A hobgoblin (D:1)
  2 jackals (D:3)
  11 bats
  2 frilled lizards (D:1)
  6 goblins
  3 goblin zombies (Ossuary)
  4 hobgoblin zombies (Ossuary)
  5 kobolds
  5 kobold zombies (Ossuary)
  7 rats
70 creatures vanquished.

Notes
Turn   | Place    | Note
-------+----------+-------------------------------------------
     0 | D:1      | Kold the Octopode Transmuter began the quest for the Orb.
     0 | D:1      | Reached XP level 1. HP: 13/13 MP: 3/3
   160 | D:1      | Reached skill level 1 in Stealth
   235 | D:1      | Reached XP level 2. HP: 15/18 MP: 5/5
  1074 | D:2      | Reached XP level 3. HP: 21/23 MP: 4/6
  1423 | D:2      | Noticed Sigmund
  1433 | D:2      | Killed Sigmund
  1433 | D:2      | Reached skill level 4 in Unarmed Combat
  1433 | D:2      | Reached XP level 4. HP: 28/28 MP: 5/7
  1433 | D:2      | Reached XP level 5. HP: 33/33 MP: 5/8
  1437 | D:2      | Learned a level 2 spell: Sticks to Snakes
  1441 | D:2      | Learned a level 3 spell: Spider Form
  1907 | D:2      | Reached XP level 6. HP: 37/38 MP: 9/9
  2051 | D:3      | Found a shadowy altar of Dithmenos.
  2065 | D:3      | Reached skill level 1 in Poison Magic
  2238 | D:3      | Reached skill level 5 in Unarmed Combat
  2417 | D:3      | Found a runed translucent gate.
  2418 | D:3      | Found a runed translucent gate.
  2419 | D:3      | Found a runed translucent gate.
  2420 | D:3      | Noticed Matius's ghost (amateur GnCK)
  2799 | D:3      | Noticed Ijyb
  2811 | D:3      | Killed Ijyb
  2975 | D:4      | Noticed Natasha
  2985 | D:4      | Killed Natasha
  3009 | D:4      | Noticed a phantom
  3284 | D:4      | Found a sand-covered staircase.
  3334 | Ossuary  | Entered an ossuary
  3334 | Ossuary  | Noticed a wraith
  3334 | Ossuary  | Noticed a wraith
  3334 | Ossuary  | Noticed a wraith
  3428 | Ossuary  | Reached XP level 7. HP: 27/43 MP: 10/10
  3811 | Ossuary  | Noticed a wraith
  3826 | Ossuary  | Slain by a wraith

Illustrated notes

Levels and vault maps discovered:
D:1:      dpeg_arrival_boxorama, layout_basic, minmay_misc_feat_square,
          chequers_garden, st_stairs_8, corexii_hall_statues_l
D:2:      layout_basic, uniq_sigmund
D:3:      layout_loops_cross, first_ration, gammafunk_ghost_necromancy,
          nicolae_dithmenos_shadow_blocks, uniq_ijyb
D:4:      layout_basic, nicolae_ossuary_entry_false_entrances, uniq_natasha
Ossuary:  ossuary_kennysheep_city_of_the_dead

Skill      XL: |  1  2  3  4  5  6 |
---------------+-------------------+-----
Stealth        | 1 2 |  2.0
Unarmed Combat | 4 5 |  5.4
Transmutations | 4 |  4.9
Poison Magic   | 2 |  2.7
Fighting       | |  1.0
Dodging        | |  2.0
Spellcasting   | |  2.0

Action                   |  1- 3 |  4- 6 |  7- 9 || total
-------------------------+-------+-------+-------++-------
Melee: Unarmed           |    61 |   101 |    14 ||   176
       Constrict         |    19 |    21 |     3 ||    43
       Tentacles         |    16 |    21 |     2 ||    39
       Kick              |     5 |    15 |     2 ||    22
       Punch             |     2 |     3 |     1 ||     6
 Cast: Beastly Appendage |     7 |    13 |     1 ||    21
       Spider Form       |       |     1 |       ||     1
       Sticks to Snakes  |       |     1 |       ||     1
  Use: Scroll            |     3 |     4 |       ||     7
       Potion            |       |       |     5 ||     5
 Stab: Sleeping          |     7 |     3 |     1 ||    11
  Eat: Chunk             |     2 |     6 |       ||     8
Armor: Skin              |     5 |    18 |     1 ||    24
Dodge: Dodged            |    35 |    63 |    12 ||   110
